 Dungeon Crawl Stone Soup version 0.29.1-1-gd02db6906a (webtiles) character file.

Game seed: 10067743762042076804

1 GreatBamboolord the Grave Robber (level 1, -2/13 HPs)
             Began as a Mummy Necromancer on Oct 21, 2022.
             Slain by a jackal (3 damage)
             ... on level 1 of the Dungeon.
             The game lasted 00:00:43 (28 turns).

GreatBamboolord the Grave Robber (Mummy Necromancer)  Turns: 28, Time: 00:00:44

Health: -2/13      AC:  2    Str: 11    XL:     1   Next: 16%
Magic:  1/4        EV: 12    Int: 14    God:
Gold:   0          SH:  0    Dex: 12    Spells: 4/5 levels left

rFire   x . .      SeeInvis .   (no weapon)
rCold   + . .      Faith    .   (no shield)
rNeg    + + +      Spirit   .   a - +0 robe
rPois   ∞          Reflect  .   (no helmet)
rElec   .          Harm     .   (no cloak)
rCorr   .          Rampage  .   (no gloves)
Will    .....                   (no boots)
Stlth   ++........              (no amulet)
HPRegen 0.04/turn               (no ring)
MPRegen 0.09/turn               (no ring)

@: no status effects
A: cold resistance 1, negative energy resistance 3, torment resistance 2, heat
vulnerability 1, no potions
a: no special abilities


You were on level 1 of the Dungeon.
You visited 1 branch of the dungeon, and saw 1 of its levels.

Inventory:

Armour
 a - a +0 robe (worn)


   Skills:
 + Level 1.5 Dodging
 + Level 1.5 Stealth
 + Level 2.7 Spellcasting
 + Level 4.0 Necromancy


You had 4 spell levels left.
You knew the following spells:

 Your Spells              Type           Power      Damage    Failure   Level
a - Necrotise             Necr           52%        1d6       4%          1

Your spell library contained the following spells:

 Spells                   Type           Power      Damage    Failure   Level
 Vampiric Draining        Necr           13%        2d6       13%         3
 Animate Dead             Necr           13%        N/A       38%         4
 Agony                    Necr           13%        N/A       75%         5


Dungeon Overview and Level Annotations

Branches:
Dungeon (1/15)

Altars:


Innate Abilities, Weirdness & Mutations

You are immune to poison.
Your flesh is cold resistant. (rC+)
You are immune to negative energy. (rN+++)
You are immune to unholy pain and torment.
You are vulnerable to heat. (rF-)
You do not drink.


Message History

The jackal barely misses you.
Unknown command.
Aiming: Necrotise (safe; 4% risk of failure)
Press: ? - help, Q - select action Shift-Dir - straight line, f/p - jackal
Aim: a jackal (almost dead, chance to affect: 83%)
The jackal barely resists.
The jackal barely misses you.
The giant cockroach waves its antennae.
Aiming: Necrotise (safe; 4% risk of failure)
Press: ? - help, Q - select action Shift-Dir - straight line, f/p - jackal
Aim: a jackal (almost dead, chance to affect: 83%)
The jackal barely resists.
The jackal bites you.
The jackal bites you but does no damage.
You closely miss the jackal.
The jackal is almost dead.
The jackal bites you but does no damage.
You hit the jackal.
You kill the jackal!
The jackal bites you. The giant cockroach bites you.
The giant cockroach misses you.
The giant cockroach attacks as you move away!
The giant cockroach closely misses you. The giant cockroach bites you.
The giant cockroach barely misses you.
The giant cockroach waves its antennae.
The jackal barely misses you.
The jackal pauses to sniff the ground.
The giant cockroach barely misses you. The giant cockroach bites you.
The jackal bites you but does no damage.
The giant cockroach bites you but does no damage.
The giant cockroach barely misses you.
There is a fountain of clear blue water here.
You open the door. The jackal barely misses you. The jackal bites you.
The giant cockroach bites you.
* * * LOW HITPOINT WARNING * * *
A kobold comes into view. It is wielding a +0 club.
The jackal bites you.
* * * LOW HITPOINT WARNING * * *
The jackal closely misses you. The jackal bites you.
You die...

#?....B.......#
#....hJJJ.....
#..$BhwJJr...
#######w#######
#....h........#
+⌠...J###....⌠+
#..B...<......#
#.hhhB.>...⌠..#
###@#######+###
#.............
#K...#.###.####
.... .. # ...
.## .. .. # ..
#.#


You could see 2 worms, 6 endoplasms, 6 jackals, 3 giant cockroaches and a kobold
(asleep).

Vanquished Creatures
  A jackal (D:1)
1 creature vanquished.

Notes
Turn   | Place    | Note
-------+----------+-------------------------------------------
     0 | D:1      | GreatBamboolord the Mummy Necromancer began the quest for
                  | the Orb.
     0 | D:1      | Reached XP level 1. HP: 13/13 MP: 4/4
     2 | D:1      | Found a runed translucent door.
    28 | D:1      | Slain by a jackal

Illustrated notes

Levels and vault maps discovered:
D:1:      dpeg_arrival_caged_fury, layout_loops_ring, serial_shops, shop,
          nicolae_shop_waterfront, shop, nicolae_shop_hallway_plus,
          nicolae_shop_trees, shapermc_ecumenical_altar_mp_ritualfount

Action                   || total
-------------------------++-------
Melee: Unarmed           ||     2
 Cast: Necrotise         ||     5
Armor: Robe              ||     4
Dodge: Dodged            ||    11
